Map: Seeds of Aiur

Players

ILIEKEGGPIE

  • Race: Protoss Protoss
  • League: Platinum
  • Spawn Location: 1:00

Sinvay

  • Race: Terran Terran
  • Spawn Location: 1:00

pupsoid

  • Race: Protoss Protoss
  • League: Platinum
  • Spawn Location: 7:00

Sogeking

  • Race: Zerg Zerg
  • Spawn Location: 7:00

VOD

Have the link to the VOD?

Description

Time

  • Played on: May 21, 2018, 6:24 p.m.
  • Length: 16:07
Show
View Real Time Build Order
Export as new Build Order

ILIEKEGGPIE Protoss 

Build Orders:  

Get SALT Encoding   

  12  0:02  Probe  
  14  0:14  Probe  
  14  0:24  Pylon  
  14  0:26  Probe  
  15  0:41  Probe  
  16  0:45  Gateway  
  16  0:49  Probe  
  17  0:57  Assimilator  
  17  0:59  Probe  
  18  1:11  Probe  
  19  1:20  Gateway  
  19  1:23  Probe  
  20  1:25  Pylon  
  20  1:35  Probe  
  20  1:36  Cybernetics Core  
  21  1:40  Assimilator  
  21  1:47  Probe  
  22  2:01  Probe  
  23  2:13  Probe  
  24  2:21  Warp Gate  
  24  2:22  Stalker x2  
  28  2:42  Robotics Facility  
  28  2:56  Nexus  
  28  3:02  Stalker  
  29  3:19  Probe  
  30  3:22  Pylon  
  30  3:27  Pylon  
  30  3:45  Immortal  
  30  3:46  Stalker  
  36  3:56  Probe  
  36  4:02  Gateway  
  37  4:08  Probe  
  38  4:11  Shield Battery  
  38  4:15  Probe  
  39  4:21  Probe  
  40  4:26  Probe  
  40  4:30  Probe  
  41  4:32  Warp Prism  
  41  4:34  Probe  
  45  4:39  Probe  
  45  4:42  Probe  
  46  4:45  Sentry  
  46  4:47  Sentry  
  46  4:48  Probe  
  52  4:53  Pylon  
  52  4:54  Probe  
  54  5:07  Probe  
  54  5:11  Immortal, Probe  
  59  5:19  Probe  
  60  5:22  Assimilator  
  60  5:23  Probe  
  60  5:26  Gateway  
  60  5:28  Gateway  
  61  5:31  Pylon  
  61  5:43  Probe, Forge  
  61  5:45  Forge  
  61  5:46  Assimilator  
  61  5:49  Probe  
  63  5:52  Pylon  
  63  5:58  Protoss Ground Armor Level 1, Protoss Ground Weapons Level 1  
  55  6:45  Stalker x3  
  55  6:46  Stalker x2  
  55  6:47  Probe x2  
  67  6:59  Probe x2  
  69  7:17  Immortal  
  67  7:36  Stalker x3  
  69  7:48  Twilight Council  
  69  8:12  Pylon  
  67  8:20  Pylon  
  67  8:25  Protoss Ground Armor Level 2, Protoss Ground Weapons Level 2  
  67  8:34  Charge, Nexus  
  67  8:35  Pylon  
  67  8:39  Stalker x4  
  67  8:40  Immortal, Pylon  
  79  8:44  Templar Archives  
  79  9:15  Stalker  
  81  9:18  Shield Battery  
  81  9:19  Shield Battery  
  81  9:22  Gateway  
  81  9:24  Shield Battery  
  81  9:39  Stalker x2  
  85  9:48  Robotics Bay  
  85  10:00  Immortal  
  85  10:03  Gateway  
  85  10:05  Gateway  
  89  10:08  Probe  
  90  10:16  Probe  
  91  10:23  High Templar x2  
  91  10:24  High Templar x2  
  91  10:26  Probe  
  91  10:27  Archon  
  100  10:28  Archon  
  100  10:29  Probe  
  100  10:31  Assimilator, Probe  
  102  10:38  Probe  
  102  10:39  Immortal  
  102  10:41  Probe  
  108  10:50  Probe  
  108  10:52  Stalker x2  
  113  11:17  High Templar x3  
  117  11:23  Archon  
  117  11:25  Pylon  
  117  11:46  High Templar  
  117  11:47  High Templar  
  121  12:02  Stalker  
  107  12:26  Archon  
  107  12:27  High Templar  
  89  13:02  Immortal  
  89  13:04  Stalker x2  
  97  13:05  Zealot x2  
  97  13:06  Zealot  
  97  13:18  Probe x2  
  99  13:22  Assimilator  
  99  13:38  Photon Cannon  
  99  13:39  Photon Cannon  
  97  13:42  Photon Cannon  
  97  13:45  Photon Cannon x2  
  97  13:48  Photon Cannon  
  97  13:50  Photon Cannon  
  97  13:52  Photon Cannon  
  95  14:15  Zealot x3  
  97  14:23  Stalker x2  
  99  14:36  Zealot  
  101  14:44  Pylon x2  
  101  14:46  Pylon x2  
  101  14:47  Pylon x2  
  101  14:50  Pylon  
  97  15:05  Pylon, Photon Cannon  
  97  15:08  Warp Prism  
  97  15:11  Probe, Photon Cannon  
  97  15:12  Pylon  
Show
View Real Time Build Order
Export as new Build Order

Sinvay Terran 

Build Orders:  

Get SALT Encoding   

  12  0:01  SCV  
  13  0:13  SCV  
  14  0:23  Refinery  
  14  0:25  SCV  
  14  0:27  Refinery  
  15  0:41  Supply Depot  
  15  1:03  SCV  
  16  1:30  SCV  
  16  1:31  Barracks  
  17  1:42  SCV  
  19  1:54  SCV  
  19  2:06  SCV  
  20  2:26  Orbital Command  
  20  2:30  Factory  
  20  2:32  Factory  
  20  2:37  Marine  
  21  2:52  SCV  
  21  2:55  Marine  
  23  3:12  Command Center  
  23  3:14  Factory Tech Lab  
  23  3:15  Factory Tech Lab  
  23  3:23  Supply Depot  
  23  3:26  Supply Depot  
  23  3:35  Supply Depot  
  23  3:44  Marine  
  23  3:47  Supply Depot  
  24  3:49  Siege Tank  
  24  3:51  Siege Tank  
  24  3:54  SCV  
  31  4:02  Marine  
  31  4:08  Engineering Bay  
  32  4:20  Marine  
  32  4:21  Siege Tank  
  36  4:26  Starport  
  36  4:34  Siege Tank  
  39  4:41  Missile Turret  
  39  4:46  SCV  
  39  4:48  SCV  
  41  4:53  Missile Turret  
  41  4:59  SCV  
  42  5:00  SCV  
  43  5:07  Starport Reactor  
  43  5:12  Engineering Bay, SCV  
  44  5:21  Armory  
  44  5:24  SCV x2  
  46  5:36  SCV x2  
  46  5:37  Marine  
  49  5:46  Medivac  
  49  5:47  Medivac  
  53  5:53  Terran Infantry Weapons Level 1  
  53  5:55  Marine  
  54  5:57  Terran Infantry Armor Level 1  
  54  6:13  Marine  
  55  6:31  Marine  
  45  6:49  Marine  
  46  7:06  Marine  
  46  7:07  Command Center  
  47  7:17  Supply Depot  
  47  7:18  Supply Depot  
  47  7:20  Siege Tank x2  
  53  7:24  Medivac x2, Marine  
  58  7:42  Marine  
  49  8:00  Marine  
  47  8:18  Marine  
  48  8:35  Marine  
  48  8:40  Terran Infantry Weapons Level 2  
  48  8:41  Terran Infantry Armor Level 2  
  49  8:44  SCV  
  50  8:53  Marine  
  51  8:57  SCV  
  52  9:09  SCV  
  53  9:11  Marine  
  54  9:21  SCV  
  31  9:48  Command Center  
  33  9:57  Medivac  
  33  10:02  Thor  
  38  10:19  Command Center  
  38  10:20  SCV  
  39  10:32  SCV  
  39  10:37  Siege Tank  
  39  10:38  Refinery  
  39  10:41  Marine  
  39  10:42  Refinery  
  43  10:44  SCV  
  44  10:56  SCV  
  45  10:59  Marine  
  45  11:08  SCV  
  45  11:10  Missile Turret  
  46  11:12  Missile Turret  
  46  11:13  Missile Turret  
  46  11:16  Missile Turret  
  46  11:17  Marine  
  43  11:20  SCV  
  36  11:32  SCV  
  20  12:05  Missile Turret  
  20  12:06  Missile Turret x2  
  20  12:07  Missile Turret  
  19  12:14  Missile Turret  
  10  12:23  Viking  
  10  12:25  Viking  
  10  12:27  Marine  
  14  12:44  Marine  
  10  13:02  Marine  
  7  13:20  Marine  
  7  13:25  SCV  
  6  13:37  SCV  
  6  13:38  Marine  
  7  13:44  Missile Turret  
  7  13:49  SCV  
  8  13:57  Missile Turret  
  8  14:01  SCV  
  9  14:13  SCV  
  10  14:25  SCV  
  10  14:28  Factory  
  11  14:37  SCV  
  12  14:47  Missile Turret  
  12  14:50  SCV  
  13  15:02  SCV  
  14  15:14  SCV  
  15  15:16  Factory Tech Lab  
  15  15:26  SCV  
  16  15:48  Armory  
  16  15:53  Missile Turret  
  16  15:59  Refinery  
Show
View Real Time Build Order
Export as new Build Order

pupsoid Protoss 

Build Orders:  

Get SALT Encoding   

  12  0:03  Probe  
  13  0:11  Probe  
  13  0:19  Probe  
  14  0:24  Pylon  
  15  0:33  Assimilator  
  15  0:45  Gateway  
  16  0:50  Probe  
  16  0:58  Probe  
  17  1:06  Probe  
  18  1:16  Probe  
  19  1:35  Cybernetics Core  
  19  1:46  Assimilator  
  19  1:51  Gateway  
  19  1:54  Gateway  
  19  1:58  Gateway  
  19  2:11  Warp Gate  
  19  2:17  Probe  
  20  2:29  Probe  
  21  2:40  Stalker  
  23  2:44  Pylon  
  23  2:47  Pylon  
  23  2:53  Pylon  
  23  3:02  Probe  
  24  3:07  Stalker  
  24  3:10  Stalker  
  28  3:13  Probe  
  29  3:31  Gateway  
  29  3:37  Stalker  
  31  3:44  Twilight Council  
  31  3:52  Pylon  
  31  4:12  Blink  
  31  4:13  Nexus  
  31  4:22  Stalker  
  33  4:27  Stalker  
  35  4:41  Forge  
  35  4:47  Stalker  
  37  5:00  Stalker  
  37  5:02  Stalker  
  41  5:17  Stalker x2  
  45  5:39  Protoss Ground Weapons Level 1  
  45  5:41  Stalker  
  47  5:52  Stalker  
  49  6:03  Probe  
  49  6:07  Probe  
  51  6:11  Probe  
  51  6:17  Pylon  
  52  6:20  Probe  
  53  6:32  Probe  
  52  6:35  Stalker x3  
  58  6:44  Probe  
  59  6:51  Stalker x2  
  55  7:39  Stalker x3  
  55  7:40  Stalker x2  
  47  8:06  Stalker  
  47  8:07  Stalker x4  
  47  8:09  Probe  
  58  8:16  Assimilator  
  58  8:17  Probe  
  58  8:23  Assimilator  
  58  8:26  Probe  
  60  8:36  Probe  
  61  8:44  Probe  
  61  8:45  Charge  
  61  8:46  Pylon  
  62  8:52  Zealot x3  
  62  8:53  Zealot  
  70  9:04  Probe  
  71  9:16  Probe  
  46  9:28  Probe  
  37  9:40  Probe  
  38  9:50  Stalker x3  
  38  9:51  Stalker  
  38  9:52  Probe  
  47  10:00  Probe  
  47  10:04  Probe  
  48  10:08  Probe  
  48  10:12  Probe  
  50  10:18  Probe  
  52  10:22  Probe  
  53  10:30  Probe  
  53  10:34  Probe  
  55  10:36  Stalker  
  55  10:37  Stalker x2  
  55  10:41  Stalker  
  55  10:42  Probe  
  63  10:46  Probe  
  65  10:50  Probe  
  66  10:58  Probe  
  67  11:07  Stalker  
  69  11:12  Pylon  
  69  11:29  Nexus  
  69  12:03  Stalker  
  69  12:04  Stalker x3  
  77  12:10  Pylon  
  77  12:13  Pylon  
  57  12:53  Zealot  
  57  12:54  Zealot x4  
  65  13:22  Zealot x4  
  65  13:23  Zealot  
  65  13:25  Probe  
  75  13:34  Probe  
  76  13:37  Stargate  
  76  13:39  Stargate  
  77  13:41  Stargate  
  77  13:43  Stargate, Probe  
  77  13:44  Probe  
  79  13:52  Probe  
  79  13:55  Probe  
  80  13:57  Assimilator  
  80  13:59  Zealot  
  80  14:00  Zealot x2  
  80  14:02  Assimilator, Probe  
  87  14:04  Probe  
  89  14:12  Probe  
  89  14:14  Probe  
  91  14:21  Probe  
  91  14:26  Probe  
  93  14:33  Probe  
  94  14:38  Probe  
  95  14:45  Void Ray, Probe  
  95  14:46  Void Ray x2, Probe  
  109  15:01  Pylon  
  109  15:02  Pylon  
  109  15:04  Pylon  
  109  15:16  Pylon  
  109  15:18  Void Ray  
  109  15:19  Probe x3  
  116  15:31  Probe x3  
  127  15:43  Probe x2  
  129  15:55  Probe  
Show
View Real Time Build Order
Export as new Build Order

Sogeking Zerg 

Build Orders: Hatch First, Muta Ling Bane 

Get SALT Encoding   

  12  0:01  Drone  
  13  0:09  Drone  
  14  0:18  Overlord  
  14  0:46  Hatchery  
  13  0:50  Drone  
  13  0:53  Drone  
  15  1:10  Drone  
  15  1:11  Drone  
  17  1:22  Drone  
  17  1:23  Spawning Pool  
  16  1:27  Drone  
  17  1:34  Drone  
  18  1:45  Drone  
  19  1:50  Extractor  
  18  2:00  Drone  
  19  2:07  Overlord  
  19  2:08  Extractor  
  18  2:09  Queen  
  18  2:12  Queen  
  18  2:13  Drone  
  23  2:18  Drone  
  23  2:22  Drone  
  25  2:25  Drone  
  26  2:33  Overlord  
  27  2:37  Drone  
  27  2:44  Drone  
  28  2:48  Metabolic Boost  
  28  3:01  Overlord  
  28  3:05  Overlord  
  28  3:10  Lair  
  28  3:18  Spore Crawler  
  27  3:26  Drone  
  28  3:27  Drone  
  28  3:32  Drone  
  28  3:33  Drone  
  31  3:36  Spore Crawler  
  31  3:37  Drone  
  31  3:44  Zergling x4  
  31  3:47  Zergling x2  
  34  3:51  Zergling x2  
  34  3:52  Zergling x2  
  36  3:57  Zergling x2  
  36  3:58  Zergling x2  
  38  4:07  Zergling x8  
  42  4:20  Zergling x4  
  42  4:23  Nydus Network  
  43  4:28  Zergling x2  
  43  4:29  Baneling Nest  
  43  4:36  Zergling x4  
  43  4:37  Zergling x2  
  46  4:39  Zergling x2  
  48  4:52  Zergling x2  
  48  4:53  Zergling x8  
  52  5:03  Drone x3  
  55  5:27  Overlord  
  55  5:30  Extractor  
  55  5:31  Extractor  
  53  5:36  Overlord  
  53  5:37  Overlord  
  53  5:46  Overlord  
  53  5:47  Overlord  
  53  5:49  Centrifical Hooks  
  53  5:55  Zergling x10  
  58  6:09  Spire  
  57  6:13  Baneling x5  
  57  6:14  Baneling  
  57  6:16  Baneling  
  40  6:48  Overlord  
  40  7:03  Hatchery  
  39  7:09  Drone x3  
  39  7:10  Drone x5  
  42  7:58  Drone x4  
  42  7:59  Drone x7  
  42  8:00  Drone x5  
  56  8:12  Drone x3  
  59  8:13  Drone  
  59  8:19  Queen  
  62  8:23  Extractor  
  61  8:28  Extractor  
  61  8:29  Zerg Flyer Weapons Level 1  
  60  8:37  Mutalisk x3  
  60  8:40  Mutalisk  
  68  9:00  Mutalisk x2  
  68  9:01  Mutalisk x4  
  80  9:02  Mutalisk  
  82  9:12  Overlord  
  82  9:16  Mutalisk x3  
  88  9:30  Mutalisk x4  
  96  9:31  Mutalisk  
  98  9:51  Mutalisk x3  
  98  9:52  Overlord x2  
  104  9:53  Overlord  
  104  10:05  Zergling x2  
  104  10:06  Overlord x3  
  105  10:10  Overlord x2  
  105  10:24  Mutalisk  
  105  10:25  Mutalisk x4  
  115  10:46  Mutalisk x3  
  115  10:47  Mutalisk x4  
  129  11:17  Mutalisk  
  129  11:18  Mutalisk  
  127  11:28  Zergling x2  
  127  11:29  Zergling x18  
  129  11:44  Mutalisk x6  
  131  12:03  Mutalisk x4  
  131  12:04  Mutalisk  
  134  12:13  Zergling x6  
  132  12:23  Zergling x2  
  132  12:24  Zergling x4  
  125  12:39  Mutalisk  
  125  12:40  Mutalisk x3  
  126  12:54  Mutalisk x3  
  126  12:58  Zergling x4  
  126  13:01  Zergling x2  
  119  13:27  Zergling x12  
  107  14:15  Mutalisk x9  
  114  14:34  Mutalisk x2  
  114  14:35  Mutalisk  
  117  14:54  Mutalisk x5  
  117  14:59  Mutalisk  
  127  15:01  Overlord x3  
  129  15:17  Infestation Pit  
  128  15:24  Hatchery  
  128  15:25  Zergling x4  
  128  15:26  Zergling x8  
  133  15:50  Zergling x2  
Tags
 
Add a new tag
Caveats
  • Supply blocks, unpowered buildings, or Contaminate may cause inaccurate times.
  • Supply counts are checked every 10 seconds.